Unix NetHack Version 5.0.0-0 post-release - last build May 23 2026 06:08:33 (1c0ff79ee797540d5714e4e18072db0edd9e58ae,branch:main).

Game began 2026-05-22 17:17:07, ended 2026-05-26 17:24:44.

Barrb, neutral female human Barbarian

                            -------     -------
                            |....$|--   |..|.>|
                            |u..l.-.|   |.....|
                          --|%..r.|-|   |.--.---
                          |..%....-?|  --.|....----
                          |.|..f..|-| --..|.......|
                          |.|$$p$.-.| |...|---....|
                          |.|.p$..|-- |...|..|....|
                          |.|------   |...|.......|
                          |.|        --......|.%..--
                          |.|        |....|..|[....|
                          |.|        |...[|--|`(...|
                          |a|        |q..--  --.|..|
                          |@|        -----    |.----
                          |.-------------------..|
                          |f........[...)..[()...|
                          ------------------------

Barrb the Brigand          St:18/02 Dx:15 Co:18 In:8 Wi:11 Ch:7  Neutral
Dlvl:4  $:427 HP:0(139) Pw:15(15) AC:-1 Xp:12 T:18740  Burdened Blind

Latest messages:
 You bump into a water elemental.
 The warg bites!
 The jaguar hits!
 The jaguar hits again!
 The jaguar bites!
 You smite the warg!
 You destroy the giant zombie!
 You kill the jaguar!
 The warg bites!
 The yellow light explodes!
 You are blinded by a blast of light!
 Wait!  There's something there you can't see!
 The warg bites!
 It just misses!
 The warg bites!
 The bat misses!
 The bat bites!
 You kill the warg!
 The bat bites!
 Please move the cursor to a monster, object or location.
 (For instructions type a '?')
 Done.
 What do you want to throw? [$kY or ?*] R
 In what direction? 6
 The large cat seems quite friendly.
 You hear some noises.
 Wait!  There's something there you can't see!
 You smite it.
 You miss it.
 You kill it!
 You hear some noises in the distance.
 You hear a crunching sound.
 You stop searching.
 You smite the Aleax.
 The Aleax hits!
 The Aleax hits again!
 The Aleax kicks!
 You smite the Aleax.
 The Aleax hits!
 The Aleax hits again!
 The Aleax kicks!
 You kill the Aleax!
 Are you sure you want to pray? [yn] (n) y
 You begin praying to Crom.
 The soldier ant bites!
 The soldier ant misses!
 The soldier ant bites!
 The soldier ant stings!
 You die...
 Do you want your possessions identified? [ynq] (y) q

Inventory:
 Coins    ('$')
  $ - 427 gold pieces
 Weapons  (')')
  k - 11 +1 darts
  Y - 55 +0 darts (at the ready)
  B - the rustproof +0 Cleaver (weapon in hands)
 Armor    ('[')
  L - an uncursed +0 dwarvish iron helm (being worn)
  n - an uncursed fireproof +0 pair of leather gloves (being worn)
  C - an uncursed +0 pair of kicking boots (being worn)
  F - an uncursed fireproof +0 cloak of displacement (being worn)
  w - an uncursed +0 dwarvish mithril-coat (being worn)
 Comestibles  ('%')
  m - 6 uncursed food rations
  I - an uncursed sprig of wolfsbane
  R - an uncursed tripe ration
  A - an uncursed lizard corpse
  P - an uncursed lizard corpse
 Scrolls  ('?')
  q - a blessed scroll of food detection
  E - 2 uncursed scrolls of remove curse
  j - 3 uncursed scrolls of scare monster
  r - 3 uncursed scrolls of teleportation
 Potions  ('!')
  s - an uncursed potion of healing
  J - a blessed potion of object detection
  a - 3 uncursed potions of object detection
 Rings    ('=')
  S - an uncursed +2 ring of adornment
  O - a cursed ring of aggravate monster
  D - an uncursed ring of free action (on right hand)
  G - an uncursed -2 ring of gain strength
  V - an uncursed +1 ring of increase damage
  Q - an uncursed ring of levitation
  t - an uncursed ring of teleport control (on left hand)
 Wands    ('/')
  h - a wand of cancellation (0:6)
  p - a wand of create monster (0:11)
  b - a wand of create monster (0:0)
  l - a wand of digging (0:7)
  K - a wand of digging (0:4)
  X - a wand of digging (0:4)
  y - a wand of light (0:14)
  H - a wand of lightning (0:4)
  M - a wand of opening (0:5)
  c - a wand of striking (0:0)
  x - a wand of teleportation (0:0)
 Tools    ('(')
  f - an uncursed sack containing 17 items
  o - a bag of tricks (0:4)
  g - a can of grease (0:6)
  Z - an uncursed lock pick
  d - an uncursed magic whistle
  N - a +0 pick-axe
  e - an uncursed towel
  u - a +0 unicorn horn
  T - a +0 unicorn horn
 Gems/Stones  ('*')
  W - 2 uncursed turquoise stones
  z - an uncursed luckstone

Contents of the sack:
  2382 gold pieces
  a +0 battle-axe
  a +0 short sword
  4 cursed food rations
  an uncursed scroll of charging
  an uncursed scroll of enchant weapon
  an uncursed scroll of magic mapping
  an uncursed scroll of scare monster
  an uncursed potion of gain ability
  an uncursed potion of object detection
  an uncursed potion of sleeping
  an uncursed ring of invisibility
  an uncursed ring of polymorph control
  a can of grease (0:11)
  an uncursed magic whistle
  an uncursed worthless piece of black glass
  2 uncursed worthless pieces of yellowish brown glass

Barrb the Barbarian's attributes:

Background:
 You were a Brigand, a level 12 female human Barbarian.
 You were neutral, on a mission for Crom
 who was opposed by Mitra (lawful) and Set (chaotic).
 You were left-handed.
 You were in Sokoban, on level 4.
 You entered the dungeon 18740 turns ago.
 You had 24000 experience points, 16000 more were needed to attain level 13.

Basics:
 You had 0 out of 139 hit points.
 You had all 15 energy points (spell power).
 Your armor class was -1.
 Your wallet contained 427 zorkmids, and
 you had 2382 more stashed away in your pack.
 Autopickup was off.

Final Characteristics:
 Your strength was 18/02 (peak:18/04, limit:18/100).
 Your dexterity was 15 (peak:16, limit:18).
 Your constitution was 18 (limit:18).
 Your intelligence was 8 (limit:18).
 Your wisdom was 11 (limit:18).
 Your charisma was 7 (limit:18).

Final Status:
 You were temporarily blind.
 You weren't hungry.
 You were burdened; movement was slightly slowed.
 You were wielding an axe.
 You had expert skill with axe.

Final Attributes:
 You were piously aligned.
 You were cold resistant.
 You were sleep resistant.
 You were poison resistant.
 You were telepathic.
 You were displaced.
 You had teleport control.
 You were guarded.
 You were fast.
 You had free action.
 You were very unlucky.
 You had extra luck.
 Bad luck did not time out for you.
 Good luck did not time out for you.
 You are dead.

Miscellaneous:
 You encountered 1 bones level.
 Total elapsed playing time was 5 hours, 55 minutes and 57 seconds.

Major events:
 Turn
    1: Barrb the neutral female human Barbarian entered the dungeon
 1236: entered the Gnomish Mines
 1402: attained the rank of Pillager (level 3)
 1409: read a Discworld novel
 2808: attained the rank of Bandit (level 6)
 5015: reached Mine Town
 8059: attained the rank of Brigand (level 10)
 9727: acquired the Mines' End luckstone
10085: was bestowed with Cleaver by Crom
12458: performed her first genocide (class L)
12636: killed Lugnaquillia, the second-hand bookstore proprietor
12731: genocided class h
14095: entered Sokoban
14445: completed 1st Sokoban level
15622: completed 2nd Sokoban level
16693: completed 3rd Sokoban level
18160: completed 4th Sokoban level
18740: killed by a soldier ant, while praying

You didn't know any spells.

Skills:
 Fighting Skills
   bare handed combat [Basic]
   two weapon combat  [Unskilled]
   riding             [Unskilled]
 Weapon Skills
   dagger             [Unskilled]
   axe                [Expert]
   pick-axe           [Unskilled]
   short sword        [Skilled]
   broadsword         [Unskilled]
   long sword         [Unskilled]
   two-handed sword   [Unskilled]
   saber              [Unskilled]
   club               [Unskilled]
   mace               [Unskilled]
   morning star       [Unskilled]
   flail              [Unskilled]
   hammer             [Unskilled]
   quarterstaff       [Unskilled]
   spear              [Unskilled]
   trident            [Unskilled]
   bow                [Unskilled]
 Spellcasting Skills
   attack spells      [Unskilled]
   escape spells      [Unskilled]

Voluntary challenges:
 Character rerolling was not enabled.
 You genocided 11 types of monsters.
 You never polymorphed an object.
 You never changed form.
 You used no wishes.
 You violated the special Sokoban rules 8 times.
Achievements:
 You entered a shop.
 You entered the Gnomish Mines.
 You attained the rank of Pillager.
 You read from a Discworld novel.
 You attained the rank of Bandit.
 You entered Minetown.
 You attained the rank of Brigand.
 You completed the Gnomish Mines.
 You entered Sokoban.

 The Dungeons of Doom: levels 1 to 8
    Level 1:
       A fountain.
    Level 2:
       An armor shop.
    Level 3:
       A general store, some fountains.
       Stairs down to The Gnomish Mines.
    Level 4:
       A scroll shop.
    Level 5:
       A fountain.
    Level 6:
       Some fountains.
    Level 7:
       Many fountains.
    Level 8:
       A fountain.
       Stairs up to Sokoban, level 7.
 The Gnomish Mines: levels 4 to 11
    Level 4:
    Level 5:
    Level 6:
       A grave.
       Final resting place for
          Drastanta-Sam-Hum-Mal-Law, killed by a wolf.
    Level 7:
       An altar to Crom, some fountains.
    Level 8:
    Level 9:
    Level 10:
    Level 11:
 Sokoban: levels 7 up to 4
    Level 4: <- You were here.
       Solved.
       Final resting place for
          you, killed by a soldier ant, while praying.
    Level 5:
       Solved.
    Level 6:
       Solved.
    Level 7:
       Solved.


Vanquished creatures:
  a shopkeeper
 an Aleax
  a ghost
  2 giant mimics
  a doppelganger
  a couatl
  2 earth elementals
  2 giant mummies
  a black naga
  2 giant zombies
  2 elf-nobles
  a water demon
  2 wargs
  a winter wolf
  7 small mimics
  2 xans
 an ogre leader
  2 trolls
  a pyrolisk
  a freezing sphere
  a flaming sphere
  2 shocking spheres
  2 tigers
  3 tengu
  4 ochre jellies
  2 leocrottas
 an energy vortex
  a mountain centaur
 an elf mummy
  2 human mummies
  5 wraiths
  a carnivorous ape
  3 ettin zombies
  2 leather golems
  2 giant beetles
  a quivering blob
  5 cockatrices
  6 wolves
  4 winter wolf cubs
  2 lynxes
  2 panthers
 24 leprechauns
  5 orc-captains
 an iron piercer
  a mumak
  a giant spider
  2 horses
 an ice vortex
  3 vampire bats
  2 gnome rulers
  2 orc mummies
  a dwarf mummy
 an ogre
  4 brown puddings
  5 owlbears
  a yeti
  a gold golem
  3 werewolves
  4 Green-elves
  3 lizards
  2 jaguars
  a dwarf leader
  a white unicorn
  a black unicorn
  3 dust vortices
  2 ravens
  4 snakes
  5 apes
  8 human zombies
  a rope golem
  4 Woodland-elves
  4 soldier ants
  a fire ant
  3 quasits
  a wood nymph
  2 water nymphs
  2 mountain nymphs
  8 Uruk-hai
  5 orc shamans
  2 rock moles
  3 ponies
  2 fog clouds
  6 yellow lights
  a shrieker
  a violet fungus
 16 gnome leaders
  2 gnomish wizards
  a kobold mummy
  3 gray oozes
  a ghoul
  a straw golem
  a paper golem
  6 giant ants
  a little dog
  8 floating eyes
  5 kittens
 21 dwarves
  3 homunculi
 63 hill orcs
  2 rothes
  2 rabid rats
  2 centipedes
  a monkey
  6 dwarf zombies
  2 wererats
  4 iguanas
 10 killer bees
  a coyote
  4 gas spores
  6 hobbits
  3 manes
  a large kobold
  2 hobgoblins
  3 orcs
  5 giant rats
  4 cave spiders
  2 brown molds
  a yellow mold
  2 green molds
  2 red molds
 63 gnomes
  5 garter snakes
  2 gnome zombies
  6 geckos
  5 jackals
  2 foxes
  4 kobolds
  5 goblins
 14 grid bugs
  7 bats
  5 lichens
  a kobold zombie
 13 newts
553 creatures vanquished.

Genocided species:
 arch-liches
 master liches
 demiliches
 master mind flayers
 liches
 mind flayers
 dwarf rulers
 dwarf leaders
 bugbears
 dwarves
 hobbits
11 species genocided.

Game over:
                       ----------
                      /          \
                     /    REST    \
                    /      IN      \
                   /     PEACE      \
                  /                  \
                  |      Barrb       |
                  |     2809 Au      |
                  |   killed by a    |
                  |   soldier ant    |
                  |                  |
                  |                  |
                  |       2026       |
                 *|     *  *  *      | *
        _________)/\\_//(\/(/\)/\//\/|_)_______

Goodbye Barrb the Barbarian...

You died in Sokoban on dungeon level 4 with 60199 points,
and 2809 pieces of gold, after 18740 moves.
You were level 12 with a maximum of 139 hit points when you died.

